 Dungeon Crawl Stone Soup version 0.31-a0-237-g2d982f9f85 (webtiles) character file.

Game seed: 6007723856483387208

1028 ablizno the Ducker (level 8, -12/67 HPs)
             Began as a Merfolk Gladiator on July 11, 2023.
             Was a Plaything of Xom.
             Mangled by an orc warrior
             ... wielding a +2 heavy scimitar
              (15 damage)
             ... on level 7 of the Dungeon.
             The game lasted 00:26:36 (3913 turns).

ablizno the Ducker (Merfolk Gladiator)              Turns: 3913, Time: 00:26:37

Health: -12/67     AC: 16    Str: 16    XL:     8   Next: 23%
Magic:  0/8        EV:  6    Int: 14    God:    Xom [....*.]
Gold:   148        SH:  0    Dex: 15    Spells: 7/7 levels left

rFire   . . .        o - +1 lajatang
rCold   . . .        (shield currently unavailable)
rNeg    . . .        s - +3 plate armour
rPois   +            c - +0 helmet
rElec   .            (no cloak)
rCorr   .            (no gloves)
SInv    .            f - +0 pair of boots
Will    .....        k - amulet of guardian spirit Stlth
                     p - ring of the Amoeba {rPois Int+6}
HPRegen 0.31/turn    (no ring)
MPRegen 0.11/turn

%: guardian spirit
@: studying Axes
A: (nimble swimmer 2), mertail, robust 1
a: Renounce Religion


You were on level 7 of the Dungeon.
You worshipped Xom.
You were a beloved toy of Xom.
You visited 1 branch of the dungeon, and saw 7 of its levels.

You collected 148 gold pieces.

Inventory:

Hand Weapons
 a - a +0 rapier
 o - a +1 lajatang (weapon)
Missiles
 d - 3 throwing nets (quivered)
 e - a javelin
Armour
 b - a +0 leather armour
 c - a +0 helmet (worn)
 f - a +0 pair of boots (worn)
 g - a +0 robe
 j - a +0 scale mail
 n - a +0 leather armour
 s - a +3 plate armour (worn)
Jewellery
 k - an amulet of guardian spirit (around neck)
 p - the ring of the Amoeba (left hand) {rPois Int+6}
   (You found it on level 3 of the Dungeon)

   [ring of intelligence]

   Int:       It affects your intelligence (+6).
   rPois:     It protects you from poison.
 r - an amulet of the acrobat
Wands
 q - a wand of flame (19)
 t - a wand of acid (10)
Scrolls
 l - a scroll of identify
 m - a scroll of teleportation
Potions
 h - a potion of magic
 u - a potion of degeneration {unknown}
 v - a potion of curing
 w - a potion of heal wounds {unknown}


   Skills:
 + Level 4.8 Fighting
 + Level 4.0 Short Blades
 + Level 5.1 Staves
 + Level 2.4 Throwing
 + Level 2.2 Armour
 + Level 5.9 Dodging
 + Level 1.7 Stealth


You had 7 spell levels left.
You didn't know any spells.
Your spell library contained the following spells:

 Spells                   Type           Power      Damage    Failure   Level
 Apportation              Tloc           0%         N/A       100%        1
 Necrotise                Necr           0%         1d4       100%        1
 Summon Small Mammal      Summ           0%         N/A       100%        1


Dungeon Overview and Level Annotations

Branches:
Dungeon (7/15)
 Temple: D:4-7

Altars:
Cheibriados
Elyvilon
Qazlal
Ru
Xom
Yredelemnul

Shops:
D:6 =

Annotations:
D:7 Prince Ribbit


Innate Abilities, Weirdness & Mutations

((You are very nimble when in or above water. (Stealth+, EV+, Speed+++)))
Your lower body shifts to a powerful aquatic tail in water.
You are robust. (+10% HP)


Message History

You slash the orc warrior!
The orc warrior is moderately wounded.
The orc warrior completely misses you.
You barely miss the orc warrior.
The orc warrior is moderately wounded.
The orc warrior hits you with a +2 heavy scimitar.
You slash the orc warrior!
The orc warrior is heavily wounded.
The orc wizard gestures wildly while chanting.
The orc wizard flickers and vanishes!
The orc warrior hits you with a +2 heavy scimitar!!
You closely miss the orc warrior.
The orc warrior is heavily wounded.
The orc warrior barely misses you.
You closely miss the orc warrior.
The orc warrior is heavily wounded.
You hit the orc warrior.
The orc warrior is severely wounded.
The orc warrior hits you with a +2 heavy scimitar!
* * * LOW HITPOINT WARNING * * *
There is an open door here.
The orc warrior hits you but does no damage.
An ogre comes into view. It is wielding a +0 giant club.
The ogre shouts!
The orc warrior jeers loudly.
The orc warrior hits you with a +2 heavy scimitar!
* * * LOW HITPOINT WARNING * * *
An orc wizard appears from thin air!
Reactivating autopickup.
The orc wizard casts a spell.
The orc wizard flickers and vanishes!
Deactivating autopickup; reactivate with Ctrl-A.
The orc warrior hits you with a +2 heavy scimitar.
The orc warrior attacks as you move away!
The orc warrior hits you with a +2 heavy scimitar!
* * * LOW HITPOINT WARNING * * *
The orc warrior attacks as you move away!
The orc warrior hits you with a +2 heavy scimitar!
You die...
Xom cackles wildly!

## .. #### ###.
..... #.. .....
#.# ...... #@#
#
......#####o#.#
.........c....#
......#.#######
#..#..#.#### #
#..{....#
####O##.# ###
.# #.##.# #..
...#....# #.#


You could see an orc warrior.

Vanquished Creatures
  A steam dragon (D:6)
  A water moccasin (D:6)
  An ice beast (D:6)
  An ogre (D:6)
  A bullfrog (D:6)
  A scorpion (D:6)
  2 hounds (D:6)
  A jelly (D:5)
  2 orc priests
  A gnoll bouda (D:7)
  An iguana (D:6)
  A sleepcap (D:6)
  2 orc wizards
  4 adders
  4 gnolls (D:7)
  2 white imps
  5 worms
  20 orcs
  4 ball pythons
  2 bats (D:3)
  6 endoplasms
  2 giant cockroaches
  3 goblins
  4 hobgoblins
  3 jackals
  2 kobolds (D:1)
  5 quokkas
  A frilled lizard (D:2)
  2 rats
85 creatures vanquished.

Vanquished Creatures (others)
  A centaur (D:6)
  A hound (D:5)
2 creatures vanquished.

Grand Total: 87 creatures vanquished

Notes
Turn   | Place    | Note
-------+----------+-------------------------------------------
     0 | D:1      | ablizno the Merfolk Gladiator began the quest for the Orb.
     0 | D:1      | Reached XP level 1. HP: 16/16 MP: 1/1
    75 | D:1      | Found a faded altar of an unknown god.
    89 | D:1      | Prayed at the altar of an unknown god.
    89 | D:1      | Became a worshipper of Xom of Chaos
   346 | D:1      | Reached XP level 2. HP: 23/23 MP: 2/2
   509 | D:1      | You fall into a shaft and drop 1 floor!
   584 | D:2      | Reached XP level 3. HP: 28/28 MP: 3/3
   700 | D:2      | XOM: god gift: lajatang {god gift}
   798 | D:3      | XOM: confuse monster(s)
   801 | D:3      | Reached skill level 5 in Dodging
   801 | D:3      | Reached XP level 4. HP: 14/34 MP: 2/4
   915 | D:3      | Found a basalt altar of Yredelemnul.
   915 | D:3      | Found a stormy altar of Qazlal.
   915 | D:3      | Found a white marble altar of Elyvilon.
   915 | D:3      | XOM: 9-stop teleportation journey
   925 | D:3      | Identified the ring of the Amoeba {rPois Int+6}
   989 | D:3      | XOM: enchant monster (bad)
  1008 | D:3      | Reached skill level 1 in Staves
  1120 | D:3      | XOM: silly message
  1334 | D:3      | Reached XP level 5. HP: 37/41 MP: 5/5
  1354 | D:3      | XOM: divination: magic mapping
  1681 | D:5      | Entered Level 5 of the Dungeon
  1691 | D:5      | XOM: potion effect (invisibility)
  1693 | D:5      | XOM: enchant monster (good)
  1840 | D:4      | XOM: scenery: create altars
  1891 | D:5      | Found a shimmering altar of Xom.
  1975 | D:6      | Reached XP level 6. HP: 47/47 MP: 6/6
  1994 | D:6      | Found Ypnolaukey's Jewellery Boutique.
  2043 | D:6      | Reached skill level 1 in Armour
  2051 | D:6      | Found a sacrificial altar of Ru.
  2069 | D:6      | Noticed a water moccasin
  2081 | D:6      | Killed a water moccasin
  2082 | D:6      | Reached skill level 1 in Stealth
  2082 | D:6      | Reached XP level 7. HP: 37/53 MP: 7/7
  2242 | D:6      | XOM: cast spell 'Call Canine Familiar'
  2408 | D:6      | Gained mutation: You are robust. (+10% HP) [potion of
                  | mutation]
  2410 | D:6      | XOM: 3-stop teleportation journey
  2622 | D:6      | XOM: god gift: scroll labelled QUTESO KABRAU {god gift}
  2836 | D:6      | XOM: divine lightning
  2935 | D:6      | Noticed a steam dragon
  2944 | D:6      | Xom revived you
  2945 | D:6      | Killed a steam dragon
  2946 | D:6      | Reached skill level 5 in Staves
  2946 | D:6      | Reached XP level 8. HP: 16/67 MP: 1/8
  3102 | D:6      | XOM: scenery: summon butterflies
  3125 | D:6      | Found a snail-covered altar of Cheibriados.
  3221 | D:6      | XOM: god gift: 25 gold pieces
  3420 | D:7      | Noticed Prince Ribbit
  3454 | D:7      | XOM: potion effect (haste)
  3461 | D:7      | XOM: summons friendly shadow imp
  3462 | D:7      | XOM: 1-stop teleportation journey
  3912 | D:7      | HP: 3/67 [orc warrior/+2 heavy scimitar (10)]
  3913 | D:7      | Mangled by an orc warrior

Illustrated notes

Levels and vault maps discovered:
D:1:      saegor_arrival_simple_a, layout_loops_ring,
          shapermc_ecumenical_altar_petra, minmay_small_reverse_x
D:2:      layout_rooms, basic_altar, uniq_crazy_yiuf_cottage
D:3:      layout_loops_ring, trog_book, overflow_temple_1_default,
          chequers_temple_overflow_statue_of_worship
D:4:      layout_basic, kennysheep_okawaru_gauntlet, uniq_blork_the_orc
D:5:      layout_basic, xom_teletrap_fun, vehumet_crystals,
          kennysheep_orc_sif_temple, lemuel_doored_altar, minitemple,
          minmay_temple_entry_drinking_statues, nicolae_ossuary_entry_catacombs,
          minmay_manual_mail, uniq_eustachio
D:6:      layout_basic, mainiacjoe_overflow_tiny_flanked,
          nicolae_ru_sacrificial_ziggurat, serial_shops, nicolae_diamond_shop
D:7:      layout_basic, uniq_prince_ribbit1

Skill      XL: |  1  2  3  4  5  6  7 |
---------------+----------------------+-----
Dodging        | 5 |  5.9
Short Blades   | 4 |  4.0
Staves         | 1 2 3 5 |  5.1
Fighting       | 3 4 |  4.8
Armour         | 1 2 |  2.2
Stealth        | 1 |  1.7
Throwing       | |  2.4

Action                     |  1- 3 |  4- 6 |  7- 9 || total
---------------------------+-------+-------+-------++-------
  Melee: Rapier            |    72 |       |       ||    72
         Punch             |     1 |       |       ||     1
         Lajatang          |    19 |   126 |   101 ||   246
  Evoke: Wand              |       |     1 |     4 ||     5
    Use: Scroll            |       |     6 |     5 ||    11
         Potion            |       |     4 |     1 ||     5
   Stab: Confused          |     1 |       |       ||     1
         Invisible         |       |     4 |       ||     4
 Armour: Leather armour    |    13 |       |       ||    13
         Scale mail        |    12 |    27 |       ||    39
         Plate armour      |       |    70 |   101 ||   171
  Dodge: Dodged            |    54 |    74 |    23 ||   151

Table legend: (Time is in decaauts)
 A = Elapsed time spent in this place.
 B = Non-inter-level travel time spent in this place.
 C = Inter-level travel time spent in this place.
 D = Time resting spent in this place.
 E = Time spent auto-exploring this place.
 F = Levels seen in this place.
 G = Mean time per level.
                   A        B        C        D        E       F      G
               +--------+--------+--------+--------+--------+-----+--------+
         Total |   3958 |   3956 |      2 |   1513 |    360 |   7 |  565.4 |
       Dungeon |   3958 |   3956 |      2 |   1513 |    360 |   7 |  565.4 |
               +--------+--------+--------+--------+--------+-----+--------+

Top non-repeatable levels by time:
     D:6: 1481 daAuts
     D:3: 686 daAuts
     D:1: 509 daAuts
     D:7: 484 daAuts
     D:4: 381 daAuts
     D:2: 257 daAuts
     D:5: 157 daAuts
